 Dungeon Crawl Stone Soup version 0.24.1-4-ge52af88ad5 (webtiles) character file.

Game seed: 1330825877480138255, levelgen mode: deterministic

1581 Goreval the Covert (level 8, 0/62 HPs)
             Began as a Naga Enchanter on Apr 13, 2020.
             Was a Follower of Cheibriados.
             Slain by a wight
             ... wielding a +0 great sword
              (15 damage)
             ... on level 5 of the Dungeon on Apr 15, 2020.
             The game lasted 00:21:59 (7650 turns).

Goreval the Covert (Naga Enchanter)                 Turns: 7650, Time: 00:21:59

Health: 0/62       AC:  4    Str: 13    XL:     8   Next: 91%
Magic:  1/11       EV:  9    Int: 22    God:    Cheibriados [*.....]
Gold:   310        SH:  0    Dex: 14    Spells: 2/11 levels left

rFire    . . .     SeeInvis +   h - +1 dagger (drain)
rCold    . . .     Gourm    .   (no shield)
rNeg     . . .     Faith    .   j - +0 robe (curse)
rPois    +         Spirit   .   s - +0 helmet
rElec    .         Reflect  .   (no cloak)
rCorr    .         Harm     .   (no gloves)
MR       +....                  (no barding)
Stlth    +++.......             (no amulet)
HPRegen  0.20/turn              (no ring)
MPRegen  0.12/turn              (no ring)

@: heavily drained, very slow
A: large, see invisible, deformed body, poison resistance, slowness 2, slow
metabolism 1, spit poison 1, AC +2
a: Spit Poison, Bend Time, Renounce Religion


You were on level 5 of the Dungeon.
You worshipped Cheibriados.
Cheibriados was aware of your devotion.
You were hungry.

You visited 1 branch of the dungeon, and saw 6 of its levels.

You collected 310 gold pieces.

Inventory:

Hand Weapons
 a - a +1 dagger
 h - a +1 dagger of draining (weapon)
 q - a +0 rapier
 x - a +0 falchion
 B - a +0 long sword
Missiles
 c - 254 stones (quivered)
Armour
 j - a cursed +0 robe (worn)
 s - a +0 helmet (worn)
 v - the +8 chain mail "Faecheq" {rCorr Str+4 Slay-5 SInv, unknown}
   (You found it on level 4 of the Dungeon)

   It affects your strength (+4).
   It affects your accuracy and damage with ranged weapons and melee attacks
   (-5).
   It lets you see invisible.
   It provides partial protection from all sources of acid and corrosion.
 z - a cursed -2 buckler
Jewellery
 f - an uncursed ring of poison resistance {unknown}
 o - a cursed ring of teleportation {unknown}
Scrolls
 g - 4 scrolls of remove curse {unknown}
 m - 5 scrolls of identify {unknown}
 n - 2 scrolls of immolation {unknown}
 y - a scroll of enchant weapon {unknown}
 A - a scroll of blinking {unknown}
Potions
 b - a potion of might {unknown}
 e - 6 potions of heal wounds {unknown}
 i - a potion of lignification {unknown}
 l - 6 potions of curing {unknown}
 p - a potion of cancellation {unknown}
 r - 2 potions of mutation {unknown}
 t - a potion of ambrosia {unknown}
 u - a potion of haste {unknown}
 w - a potion of brilliance {unknown}
 D - a potion of resistance {unknown}
Comestibles
 d - 11 rations
 C - a chunk of flesh


   Skills:
 * Level 6.7(5.3) Short Blades
 - Level 2.0(0.8) Dodging
 + Level 8.5(7.1) Stealth
 + Level 1.2(0.1) Shields
 - Level 2.0(0.8) Spellcasting
 + Level 0.7(0.0) Conjurations
 * Level 7.3(5.9) Hexes


You had 2 spell levels left.
You knew the following spells:

 Your Spells              Type           Power        Failure   Level  Hunger
a - Ensorcelled Hibernat  Hex/Ice        ##....       7%          2    ###....
b - Confuse               Hex            ####....     4%          3    ####...
c - Dazzling Spray        Conj/Hex       ##....       14%         3    ####...
o - Corona                Hex            ####...      1%          1    ##.....

Your spell library contained the following spells:

 Spells                   Type           Power        Failure   Level  Hunger
 Magic Dart               Conj           #...         16%         1    ##.....
 Searing Ray              Conj           #.....       24%         2    ###....
 Tukima's Dance           Hex            ####....     4%          3    ####...
 Fulminant Prism          Conj/Hex       ##........   43%         4    #####..
 Force Lance              Conj/Tloc      #.......     83%         4    #####..
 Iskenderun's Mystic Bla  Conj           #.......     83%         4    #####..


Dungeon Overview and Level Annotations

Branches:
Dungeon (6/15)             Temple (0/1) D:6

Altars:
Cheibriados
Qazlal
Trog

Shops:
D:5 =

Annotations:
D:5 2 transporters, Alannah's ghost, novice DsWn
D:6 Pikel


Innate Abilities, Weirdness & Mutations

You cannot wear boots.
Your serpentine skin is tough. (AC +2)
You have supernaturally acute eyesight. (SInv)
Armour fits poorly on your strangely shaped body.
Your system is resistant to poisons. (rPois)
You cover ground very slowly.
You have a slow metabolism.
You can spit poison.


Message History

Orders for allies: a - Attack new target. r - Retreat! s - Stop attacking. g - Guard the area. f - Follow me.
Anything else - Cancel.
Okay, then.
Throwing (i - inventory. (/) - cycle)
c - 254 stones (quivered)
Aim: a wight, wielding a +0 great sword and wearing a +0 robe
Okay, then.
Throwing (i - inventory. (/) - cycle)
c - 254 stones (quivered)
Aim: a wight, wielding a +0 great sword and wearing a +0 robe You throw a throwing net.
The throwing net hits the wight.
The wight is caught in the net!
The wight struggles against the net.
The wight struggles against the net. x2
The wight struggles against the net. x2
The wight struggles against the net.
The net rips apart, and the wight comes free!
Aim: a wight, wielding a +0 great sword and wearing a +0 robe (chance to defeat MR: 55%)
The wight appears confused.
The wight hits you with a +0 great sword!
You die...

####.........######..#.....# ##
.##..###.....## ##...#...# ##.
....###.......# ###.####..####..
..............####....##.......##
<..............#...##.........###
....###..###.....####.>..###.## #
....# ##..###..### ##..### #.####
...####.........####...#####..#..
.....##..##.....@z..............#
.###...........................##
## ###.......##..####.########.#
# #..###(.###..##...## ##.## #.##
#..# ##....#..#####...# #)# ##.#
##...###.[##...#.. #.# #.###....#
##....####. ## ##.#####.....##.##
##.### #..
.####....##...#####..## #.# ##.#


You could see a wight (confused).

Vanquished Creatures
  Grinder (D:4)
  Eustachio (D:4)
  Edmund (D:5)
  Duvessa (D:4)
  A sky beast (D:5)
  2 slaves (D:6)
  An ogre (D:5)
  A centaur (D:6)
  A bullfrog (D:6)
  Dowan (D:4)
  A water moccasin skeleton (D:5)
  3 crimson imps
  A centaur zombie (D:5)
  An orc wizard (D:4)
  2 orc priests
  An iguana (D:5)
  Natasha (D:3)
  3 worker ants
  Robin (D:2)
  5 gnolls
  6 adders
  An ooze (D:1)
  An adder skeleton (D:5)
  3 worms
  4 dart slugs
  4 leopard geckos
  10 orcs
  A ball python (D:1)
  2 giant cockroaches (D:3)
  16 hobgoblins
  8 kobolds
  3 quokkas
  8 bats
  5 frilled lizards
  18 goblins
  A leopard gecko skeleton (D:5)
  7 rats
128 creatures vanquished.

Notes
Turn   | Place    | Note
-------+----------+-------------------------------------------
     0 | D:1      | Goreval the Naga Enchanter began the quest for the Orb.
     0 | D:1      | Reached XP level 1. HP: 15/15 MP: 3/3
   108 | D:1      | Reached XP level 2. HP: 20/22 MP: 5/5
   926 | D:1      | Reached XP level 3. HP: 28/28 MP: 6/6
  1202 | D:1      | Learned a level 2 spell: Ensorcelled Hibernation
  1351 | D:1      | Learned a level 3 spell: Confuse
  1662 | D:2      | Found a stormy altar of Qazlal.
  1673 | D:2      | Reached skill level 5 in Stealth
  1833 | D:1      | Reached XP level 4. HP: 31/36 MP: 4/7
  2390 | D:2      | Noticed Robin
  2414 | D:2      | Killed Robin
  2414 | D:2      | Reached XP level 5. HP: 28/42 MP: 3/8
  3934 | D:3      | Noticed Natasha
  3942 | D:3      | Killed Natasha
  4176 | D:4      | Noticed Grinder
  4193 | D:4      | Killed Grinder
  4193 | D:4      | Reached skill level 6 in Stealth
  4193 | D:4      | Reached skill level 5 in Hexes
  4193 | D:4      | Reached XP level 6. HP: 21/49 MP: 9/9
  4374 | D:4      | Reached XP level 7. HP: 55/55 MP: 10/10
  4546 | D:4      | Noticed Eustachio
  4564 | D:4      | Killed Eustachio
  4709 | D:4      | Found a snail-covered altar of Cheibriados.
  4743 | D:4      | Reached skill level 5 in Short Blades
  4743 | D:4      | Reached skill level 7 in Stealth
  5113 | D:4      | Noticed Duvessa
  5113 | D:4      | Noticed Dowan
  5119 | D:4      | Killed Duvessa
  5145 | D:4      | Killed Dowan
  5145 | D:4      | Reached XP level 8. HP: 42/62 MP: 1/11
  5293 | D:4      | Became a worshipper of Cheibriados the Contemplative
  5485 | D:4      | Got a twisted chain mail
  5500 | D:5      | Entered Level 5 of the Dungeon
  5637 | D:5      | Noticed Edmund
  5652 | D:5      | Killed Edmund
  5756 | D:5      | Found Ecoubb's Jewellery Emporium.
  5993 | D:5      | Found a transporter.
  6035 | D:5      | Reached skill level 8 in Stealth
  6407 | D:5      | Found a transporter.
  6407 | D:5      | Noticed Alannah's ghost (novice DsWn)
  6526 | D:5      | Found a bloodstained altar of Trog.
  6693 | D:5      | Reached * piety under Cheibriados
  7255 | D:6      | Reached skill level 1 in Shields
  7268 | D:6      | Learned a level 3 spell: Dazzling Spray
  7436 | D:6      | Found a staircase to the Ecumenical Temple.
  7437 | D:6      | Noticed Pikel
  7438 | D:6      | Noticed a troll
  7650 | D:5      | Slain by a wight

Levels and vault maps discovered:
D:1:      minmay_arrival_stair_chambers, layout_loops_ring
D:2:      layout_loops_corners, grunt_qazlal_clouds, uniq_robin
D:3:      layout_basic, first_ration, serial_bayou_pond_a,
          kennysheep_generic_room_11, uniq_natasha
D:4:      layout_loops_corners, old_standard_altar, uniq_duvessa,
          uniq_eustachio, uniq_grinder
D:5:      layout_layer_cave, serial_shops, nicolae_shop_behind_doors,
          gammafunk_ghost_mausoleum, trog_hazing_becter, uniq_edmund
D:6:      layout_rooms, minmay_temple_entry_stoned_glass, serial_shops,
          shop_statue, uniq_menkaure, uniq_pikel

Skill      XL: |  1  2  3  4  5  6  7  8 |
---------------+-------------------------+-----
Short Blades   | 2 4 5 6 |  6.7
Stealth        | 5 6 7 8 |  8.5
Dodging        | 2 |  2.0
Hexes          | 4 5 6 7 |  7.3
Shields        | 1 |  1.2
Spellcasting   | |  2.0
Conjurations   | |  0.7

Action                   |  1- 3 |  4- 6 |  7- 9 || total
-------------------------+-------+-------+-------++-------
Melee: Dagger            |    87 |   165 |   196 ||   448
Throw: Stone             |     2 |    16 |     3 ||    21
       Throwing net      |       |       |     1 ||     1
 Cast: Ensorcelled Hiber |     1 |     7 |    25 ||    33
       Confuse           |       |       |     4 ||     4
 Abil: Spit Poison       |     2 |     3 |     5 ||    10
 Stab: Sleeping          |    11 |     9 |    21 ||    41
       Distracted        |       |       |     1 ||     1
  Eat: Chunk             |     2 |     7 |    10 ||    19
Armor: Robe              |    11 |    23 |    35 ||    69
Dodge: Dodged            |    47 |    72 |   103 ||   222
